AoeStats
← willrhyd

Arabia

506656507Analyzed
1v1 RM · 18d ago on Sep 14, 2026· 17m 55s· 2 players
Game mode
Random Map
Map size
Tiny (2 player)
Population
200
Speed
Normal
Resources
Standard
Victory
Conquest
Starting age
Dark Age
Ending age
Imperial Age
RankedLock teamsTeams togetherTeam positionsShared explorationLock speedFull tech treeHidden civsTurbo modeCheats
Victory
Defeat
🇬🇧 Portuguese · United Kingdom
1562
+13
🇺🇸 Maya · United States
1493
-13
willrhyd
6:25 Loom
8:29 Feudal Age
8:33 Loom
9:26 Double-Bit Axe
17:25 Castle Age
16:48 Fletching
17:32 Padded Archer Armor
18:05 Bodkin Arrow
BigAl
0:26 Loom
10:01 Feudal Age
10:51 Man-at-Arms
11:52 Arson
Connection lost

Rejoining the realm…

Still unreachable

The connection could not be restored.

Session expired

The server has moved on; the page needs a fresh start.